 Dungeon Crawl Stone Soup version 0.27.1-34-g3ba077fa99 (webtiles) character file.

Game seed: 12415537900085050326

41667 unlimited1921 the Blocker (level 13, -9/130 HPs)
             Began as a Troll Fighter on Jan 3, 2022.
             Was the Champion of Cheibriados.
             Mangled by a two-headed ogre (27 damage)
             ... on level 2 of the Orcish Mines.
             The game lasted 02:21:06 (16199 turns).

unlimited1921 the Blocker (Troll Fighter)          Turns: 16199, Time: 02:21:07

Health: -9/130     AC:  6    Str: 41    XL:     13   Next: 81%
Magic:  12/12      EV: 33    Int: 19    God:    Cheibriados [******]
Gold:   623        SH: 16    Dex: 27    Spells: 12/12 levels left

rFire    + + +     SeeInvis .   t - +0 war axe (flame)
rCold    . . .     Faith    .   c - +1 kite shield
rNeg     . . .     Spirit   .   M - +2 robe {rF+}
rPois    .         Reflect  .   r - +0 hat {Stlth+}
rElec    .         Harm     .   B - scarf {repulsion}
rCorr    +         Rampage  .   (gloves unavailable)
Will     .....                  (boots unavailable)
Stlth    +++.......             D - amulet of the acrobat
HPRegen  1.31/turn              Z - ring "Jaaxte" {rF++ rCorr Str-5 Dex+3}
MPRegen  0.13/turn              C - +4 ring of slaying

@: acrobatic, repel missiles, very slow
A: large, unfitting armour, claws 3, regeneration 1, shaggy fur 1, tough skin 1
a: Renounce Religion, Bend Time, Temporal Distortion, Slouch, Step From Time


You were on level 2 of the Orcish Mines.
You worshipped Cheibriados.
Cheibriados was exalted by your worship.
You visited 3 branches of the dungeon, and saw 16 of its levels.
You also visited: Sewer.

You collected 2383 gold pieces.
You spent 1760 gold pieces at shops.

Inventory:

Hand Weapons
 a - a +1 war axe of freezing
 b - a +5 spear of flaming
 e - the +8 long sword "Conservator" {elec, rPois rN+ Stlth-}
   (You found it on level 12 of the Dungeon)

   It occasionally discharges a powerful burst of electricity upon striking a
   foe.
   rPois:     It protects you from poison.
   rN:        It protects you from negative energy.
   Stlth:     It makes you less stealthy.
 g - a +2 whip of electrocution
 t - a +0 war axe of flaming (weapon)
 E - a +2 broad axe
 H - a +2 morningstar of protection
 L - a +4 great sword
 Q - a +4 dagger of distortion
 T - the +1 hand axe of Currency {vorpal, rPois rF+ Str+4 Int+3}
   (You found it on level 11 of the Dungeon)

   It inflicts extra damage upon your enemies.
   Str:       It affects your strength (+4).
   Int:       It affects your intelligence (+3).
   rF:        It protects you from fire.
   rPois:     It protects you from poison.
 X - a +1 vampiric hand axe
 Y - a +1 flail of venom
Missiles
 o - 51 bolts
 v - 35 poisoned darts
 y - 5 large rocks (quivered)
 R - 6 javelins
 W - 8 boomerangs
Armour
 c - a +1 kite shield (worn)
 d - +0 ice dragon scales
 r - a +0 hat of stealth (worn)
 B - a scarf of repulsion (worn)
 M - a +2 robe of fire resistance (worn)
 N - a +2 robe of cold resistance
 P - +0 acid dragon scales
Jewellery
 i - a ring of flight
 l - a +6 ring of intelligence
 C - a +4 ring of slaying (right claw)
 D - an amulet of the acrobat (around neck)
 I - a ring of willpower
 V - an amulet of regeneration
 Z - the ring "Jaaxte" (left claw) {rF++ rCorr Str-5 Dex+3}
   (You acquired it on level 11 of the Dungeon)

   [ring of resist corrosion]

   Str:       It affects your strength (-5).
   Dex:       It affects your dexterity (+3).
   rF:        It greatly protects you from fire.
   rCorr:     It protects you from acid and corrosion.
Wands
 m - a wand of charming (4)
 O - a wand of paralysis (6)
 S - a wand of polymorph (5)
Scrolls
 f - 7 scrolls of teleportation
 h - 4 scrolls of amnesia
 j - a scroll of brand weapon
 n - 2 scrolls of magic mapping
 p - 3 scrolls of immolation
 s - 5 scrolls of enchant armour
 F - a scroll of holy word
 K - 3 scrolls of noise
Potions
 k - a potion of mutation
 u - a potion of attraction
 w - 4 potions of lignification
 x - a potion of degeneration {unknown}
 z - 5 potions of flight
 A - 3 potions of curing
 G - a potion of magic
 J - a potion of ambrosia
 U - a potion of cancellation {unknown}


   Skills:
 * Level 8.9 Fighting
 + Level 10.7 Axes
 * Level 6.3 Throwing
 * Level 9.8 Dodging
 - Level 0.6 Stealth
 * Level 11.0 Shields


You had 12 spell levels left.
You didn't know any spells.
Your spell library contained the following spells:

 Spells                   Type           Power      Damage    Failure   Level
 Sandblast                Erth           0%         2d4       21%         1
 Passwall                 Tmut/Erth      0%         N/A       30%         2
 Call Canine Familiar     Summ           0%         N/A       52%         3
 Inner Flame              Hex/Fire       0%         N/A       52%         3
 Portal Projectile        Hex/Tloc       0%         N/A       52%         3
 Cause Fear               Hex            0%         N/A       90%         4
 Leda's Liquefaction      Hex/Erth       0%         N/A       90%         4
 Lee's Rapid Deconstruct  Erth           0%         3d5*      99%         5
 Discord                  Hex            0%         N/A       100%        8
 Chain Lightning          Conj/Air       0%         N/A       100%        9
 Fire Storm               Conj/Fire      0%         5d1       100%        9


Dungeon Overview and Level Annotations

Branches:
Dungeon (13/15)            Temple (1/1) D:4            Lair (0/6) D:10
    Orc (2/2) D:10            Elf (0/3) Orc:2        Vaults (0/5) D:13
  Sewer (visited)

Altars:
Ashenzari
Cheibriados
Dithmenos
Elyvilon
Fedhas
Gozag
Hepliaklqana
Kikubaaqudgha
Makhleb
Nemelex Xobeh
Okawaru
Qazlal
Ru
Sif Muna
Trog
Uskayaw
Vehumet
Wu Jian
Xom
Yredelemnul
Zin
The Shining One

Shops:
D:5 :=   D:6 *   D:7 ?   D:8 !   D:12 (   Orc:2 (!


Innate Abilities, Weirdness & Mutations

You are too large for most types of armour.
You have claws for hands.
Your natural rate of healing is unusually fast.
You are covered in fur. (AC +1)
You have tough skin. (AC +1)


Message History

You block the two-headed ogre's attack. The two-headed ogre misses you.
You hit the two-headed ogre. You burn the two-headed ogre.
The two-headed ogre is moderately wounded.
You closely miss the troll.
A two-headed ogre comes into view. It is wielding two +0 giant clubs.
The two-headed ogre hits you with a +0 great mace.
You block the two-headed ogre's attack. You block the troll's attack.
The troll closely misses you. The troll claws you!
You are too injured to fight recklessly!
Unknown command.
You are too injured to fight recklessly!
The two-headed ogre closely misses you. You block the two-headed ogre's attack.
You slash the troll! You burn the troll.
The troll is heavily wounded.
You slash the two-headed ogre! You burn the two-headed ogre.
You block the troll's attack. x2; The troll claws you but does no damage.
You block the two-headed ogre's attack.
The two-headed ogre hits you with a +0 giant club.
You block the troll's attack. The troll misses you. x2
You block the troll's attack. The troll barely misses you.
The troll closely misses you.
The two-headed ogre hits you with a +0 great mace!
You block the two-headed ogre's attack.
The two-headed ogre hits you with a +0 giant club!!
* * * LOW HITPOINT WARNING * * *
The two-headed ogre misses you. You block the two-headed ogre's attack.
The two-headed ogre hits you with a +0 giant club!!
* * * LOW HITPOINT WARNING * * *
As you read the scroll of fear, it crumbles to dust.
You assume a fearsome visage.
The two-headed ogre looks frightened! x3
The two-headed ogre starts to cry.
You block the two-headed ogre's attack.
The two-headed ogre completely misses you.
The troll completely misses you. The troll misses you.
You block the troll's attack.
You feel better. You block the troll's attack. x3
You block the two-headed ogre's attack. x2
The two-headed ogre hits you with a +0 giant club!!
You die...

###.###).)#)#.............
##<#.#))...)...............
#......)..)#)..............
##.........#...............
##........................
##)..........)...........
##.#.##.................
######..#..............
#.@T...............
##TO...............
##.#O.............
#######T.O............
#####.#)##.O..............
#.....O(OT...#............
...∩.#O#[#..{#.#...........
.OO....O#.O......^.........
.......###.#.#.#O......#..>


You could see 2 two-headed ogres, 3 trolls and 2 ogres.

Vanquished Creatures
  Gastronok (D:9)
  An ironbound preserver (D:13)
  Fannar (D:10)
  An ice dragon (D:11)
  2 hydras
  A catoblepas (D:13)
  A boulder beetle (D:11)
  A centaur warrior (D:12)
  5 two-headed ogres
  A tengu warrior (D:13)
  Urug (D:11)
  A skeletal warrior (D:11)
  A deep elf pyromancer (D:9)
  3 wolf spider zombies (D:12)
  An orc sorcerer (Orc:2)
  An ugly thing (D:13)
  3 cyclopes
  5 manticores (D:11)
  14 centaur zombies
  3 gargoyles
  A rime drake (shapeshifter) (D:13)
  Psyche (D:11)
  2 efreet
  A rime drake (D:11)
  A tengu conjurer (D:13)
  A polar bear (D:11)
  7 trolls
  8 slime creatures
  Prince Ribbit (D:7)
  A meliai zombie (D:10)
  A shadow (D:11)
  32 yaks
  A fire elemental (D:13)
  4 wraiths
  Eustachio (D:6)
  4 vampire mosquitoes (D:12)
  2 wargs
  4 acid dragons
  A hell hound (D:13)
  2 water moccasins (D:8)
  12 orc warriors
  2 ice beasts
  4 black bears
  3 wolves (D:11)
  2 necrophages
  3 centaurs
  A phantom (D:6)
  7 ogres
  3 kobold brigands
  2 bullfrogs
  A gnoll sergeant (D:9)
  5 elf skeletons (D:6)
  A scorpion (D:10)
  7 killer bees
  8 wights
  6 howler monkeys
  2 hounds
  A human zombie (D:6)
  3 orc priests
  A centaur skeleton (D:6)
  A gnoll shaman (D:6)
  2 human skeletons (D:6)
  2 iguanas
  Natasha (thrice) (D:3)
  Terence (D:2)
  11 orc wizards
  2 killer bee zombies
  A hound skeleton (D:4)
  Robin (D:2)
  8 gnolls
  7 adders
  2 ufetubi
  3 worms
  36 orcs
  3 bats
  6 endoplasms
  2 giant cockroaches
  5 hobgoblins
  5 jackals
  A quokka (D:5)
  7 ball pythons
  2 frilled lizards
  18 goblins
  22 kobolds
  3 orc skeletons (D:6)
  15 rats
367 creatures vanquished.

Vanquished Creatures (collateral kills)
  Azrael (D:13)
  3 fire elementals (D:13)
4 creatures vanquished.

Vanquished Creatures (others)
  Harold (D:10)
  A centaur warrior (D:13)
  An ugly thing (D:13)
  An unseen horror (D:10)
  A hornet (D:10)
  2 slime creatures (D:13)
  A yak (D:11)
  A water elemental (D:13)
  3 orc warriors (D:10)
  A centaur (D:10)
  A gnoll sergeant (D:10)
  A killer bee (D:10)
  An orc priest (D:10)
  3 gnolls (D:10)
  16 fungi (D:10)
  15 plants
50 creatures vanquished.

Grand Total: 421 creatures vanquished

Notes
Turn   | Place    | Note
-------+----------+-------------------------------------------
     0 | D:1      | unlimited1921 the Troll Fighter began the quest for the
                  | Orb.
     0 | D:1      | Reached XP level 1. HP: 22/22 MP: 0/0
   309 | D:1      | Reached XP level 2. HP: 29/29 MP: 1/1
   842 | D:2      | Reached XP level 3. HP: 36/36 MP: 2/2
   953 | D:2      | Noticed Robin
   961 | D:2      | Reached skill level 1 in Throwing
   974 | D:2      | Killed Robin
   996 | D:2      | Reached XP level 4. HP: 34/44 MP: 3/3
  1264 | D:2      | Noticed Terence
  1274 | D:2      | Killed Terence
  1426 | D:3      | Reached XP level 5. HP: 42/50 MP: 4/4
  1477 | D:3      | Noticed Natasha
  1483 | D:3      | Killed Natasha
  1580 | D:3      | Reached skill level 3 in Shields
  1595 | D:3      | Found a faded altar of an unknown god.
  1651 | D:3      | Noticed Natasha
  1654 | D:3      | Killed Natasha
  1813 | D:3      | Noticed Natasha
  1830 | D:3      | Killed Natasha
  2302 | D:4      | Found a staircase to the Ecumenical Temple.
  2321 | D:4      | Found a shadowy altar of Dithmenos.
  2394 | Temple   | Entered the Ecumenical Temple
  2636 | Temple   | Became a worshipper of Cheibriados the Contemplative
  2699 | D:4      | Noticed a necrophage
  2704 | D:4      | Killed a necrophage
  2705 | D:4      | Reached XP level 6. HP: 52/59 MP: 5/5
  3231 | D:5      | Entered Level 5 of the Dungeon
  3276 | D:5      | Found Soschen's Jewellery Shop.
  3319 | D:5      | Found a glowing drain.
  3343 | D:5      | Found an opulent altar of Gozag.
  3357 | D:5      | Noticed an ice beast
  3370 | D:5      | Killed an ice beast
  3396 | Sewer    | Entered a sewer
  3466 | Sewer    | Reached * piety under Cheibriados
  3467 | Sewer    | Reached XP level 7. HP: 67/67 MP: 6/6
  3486 | Sewer    | Found a white marble altar of Elyvilon.
  3697 | D:5      | Found a glowing golden altar of the Shining One.
  3709 | D:5      | Found an ancient bone altar of Kikubaaqudgha.
  3956 | D:5      | Found a bloodstained altar of Trog.
  4167 | D:5      | Found Xoschoem's Self-Improvement Boutique.
  4626 | D:6      | Noticed Eustachio
  4631 | D:6      | Reached skill level 4 in Shields
  4652 | D:6      | Killed Eustachio
  4653 | D:6      | Reached XP level 8. HP: 75/75 MP: 7/7
  4869 | D:6      | Found a glowing silver altar of Zin.
  4870 | D:6      | Found Zin's Purification Station.
  5091 | D:6      | Reached skill level 5 in Axes
  5156 | D:6      | Reached ** piety under Cheibriados
  5564 | D:7      | Found Nuxzi's Magic Scroll Boutique.
  5693 | D:7      | Noticed Prince Ribbit
  5713 | D:7      | Killed Prince Ribbit
  5714 | D:7      | Reached XP level 9. HP: 64/84 MP: 8/8
  6024 | D:7      | Reached skill level 5 in Dodging
  6233 | D:8      | Found Rist's Distillery.
  6287 | D:8      | Reached skill level 5 in Shields
  6510 | D:8      | Reached *** piety under Cheibriados
  6511 | D:8      | Reached skill level 5 in Fighting
  6860 | D:9      | Reached skill level 6 in Shields
  6871 | D:9      | Reached XP level 10. HP: 59/96 MP: 9/9
  7362 | D:9      | Noticed a deep elf pyromancer
  7377 | D:9      | Killed a deep elf pyromancer
  7500 | D:9      | Reached **** piety under Cheibriados
  7723 | D:9      | Reached skill level 5 in Throwing
  8136 | D:10     | Entered Level 10 of the Dungeon
  8155 | D:10     | Noticed Gastronok
  8155 | D:10     | Killed Harold
  8245 | D:9      | Killed Gastronok
  8246 | D:9      | Reached skill level 7 in Shields
  8362 | D:10     | Reached XP level 11. HP: 101/105 MP: 10/10
  8384 | D:10     | Noticed a two-headed ogre
  8396 | D:10     | Killed a two-headed ogre
  8458 | D:10     | Found a shimmering altar of Xom.
  8609 | D:10     | Found a staircase to the Lair.
  8704 | D:10     | Noticed Fannar
  8726 | D:10     | Killed Fannar
  8992 | D:10     | Reached ***** piety under Cheibriados
  9075 | D:10     | Found a staircase to the Orcish Mines.
  9104 | D:10     | Identified the +0 ring mail of Intuition {rN++ Int+4}
  9492 | D:11     | Reached skill level 8 in Shields
  9546 | D:11     | Noticed a two-headed ogre
  9546 | D:11     | Noticed Psyche
  9568 | D:11     | Killed a two-headed ogre
  9623 | D:11     | Killed Psyche
  9678 | D:11     | Noticed a two-headed ogre
  9691 | D:11     | Noticed Urug
  9697 | D:11     | Killed a two-headed ogre
  9703 | D:11     | Killed Urug
  9812 | D:11     | Reached XP level 12. HP: 95/115 MP: 11/11
  9939 | D:11     | Identified the +1 hand axe of Currency {vorpal, rPois rF+
                  | Str+4 Int+3}
 10127 | D:11     | Noticed an ice dragon
 10349 | D:11     | Killed an ice dragon
 10443 | D:11     | Reached skill level 9 in Shields
 10550 | D:11     | Noticed a two-headed ogre
 10565 | D:11     | Killed a two-headed ogre
 10659 | D:11     | Noticed a boulder beetle
 10808 | D:11     | Killed a boulder beetle
 11542 | D:2      | You fall into a shaft and drop 1 floor!
 12108 | D:7      | Bought a scroll of acquirement for 728 gold pieces
 12200 | D:11     | Acquired the ring "Jaaxte" {rF++ rCorr Str-5 Dex+3}
 12496 | D:12     | Noticed a centaur warrior
 12504 | D:12     | Killed a centaur warrior
 12605 | D:12     | Reached skill level 10 in Shields
 12635 | D:12     | Found a basalt altar of Yredelemnul.
 12640 | D:12     | Reached ****** piety under Cheibriados
 12641 | D:12     | Reached XP level 13. HP: 127/127 MP: 12/12
 12654 | D:12     | Reached skill level 10 in Axes
 12778 | D:12     | Identified the +8 long sword "Conservator" {elec, rPois rN+
                  | Stlth-}
 13357 | D:12     | Found Ydanolud's Antique Weapon Emporium.
 14147 | D:13     | Noticed Azrael
 14154 | D:13     | Noticed an ironbound preserver
 14190 | D:13     | Killed Azrael
 14779 | D:13     | Killed an ironbound preserver
 14986 | D:13     | Found a gate to the Vaults.
 15455 | D:5      | Acquired 871 gold pieces
 15461 | D:5      | Bought a +4 ring of slaying for 936 gold pieces
 15544 | D:8      | Bought 2 potions of curing for 96 gold pieces
 15650 | Orc:1    | Entered Level 1 of the Orcish Mines
 15757 | Orc:2    | Entered Level 2 of the Orcish Mines
 15788 | Orc:2    | Reached skill level 11 in Shields
 16060 | Orc:2    | Found a staircase to the Elven Halls.
 16173 | Orc:2    | Found Ruebeomm's Antique Weapon Shop.
 16174 | Orc:2    | Found Muhif's Distillery.
 16195 | Orc:2    | HP: 2/130 [two-headed ogre (24)]
 16199 | Orc:2    | Mangled by a two-headed ogre

Illustrated notes

Levels and vault maps discovered:
D:1:      lemuel_arrival_room, layout_basic, interstate_on_off
D:2:      layout_rooms, uniq_robin, uniq_terence
D:3:      layout_loops_ring, basic_ecumenical_altar, uniq_natasha
D:4:      layout_basic, nicolae_dithmenos_shadow_blocks, temple_pool_b
D:5:      layout_basic, nicolae_gozag_seed_capital, trog_ov_bears_minmay,
          jmf_multi_god_temple, serial_shops, shop, serial_rivers,
          chequers_serial_rivers_micro_a, chequers_serial_rivers_marsh,
          chequers_serial_rivers_micro_e, chequers_serial_rivers_micro_c,
          cheibrodos_sewer_entry_drain, nicolae_shop_self_help
D:6:      layout_loops_ring, zin_purify, nicolae_ossuary_entry_catacombs,
          uniq_eustachio
D:7:      layout_loops_ring, serial_shops, shop, serial_bayou_crossing,
          uniq_prince_ribbit1
D:8:      layout_rooms, serial_shops, shop, kennysheep_another_room
D:9:      layout_long_grid
D:10:     layout_loops_ring, xom_confusion_cloud,
          grunt_lair_entry_orc_guard_hut, david_orc_1_choice, solitary_fountain,
          uniq_harold, uniq_gastronok, uniq_fannar
D:11:     kennysheep_blocky_room, layout_loops_ring,
          portal_ice_cave_entry_animals_and_master, grunt_potential, uniq_urug,
          uniq_psyche
D:12:     layout_layer_cave, serial_shops, kennysheep_little_box,
          nicolae_yredelemnul_corpse_copse
D:13:     statuecave_lemuel, layout_irregular_city,
          skrybe_vaults_entry_preservation, uniq_azrael
Temple:   regret_index_temple_generic_petals
Orc:1:    layout_caves
Orc:2:    st_orc_open, layout_caves

Skill      XL: |  1  2  3  4  5  6  7  8  9 10 11 12 13 |
---------------+----------------------------------------+-----
Axes           | 2 3 4 5 6 7 8 9 10 | 10.7
Throwing       | 1 2 3 4 5 6 |  6.3
Dodging        | 3 4 6 7 8 9 |  9.8
Shields        | 3 4 6 7 8 10 11 | 11.0
Fighting       | 3 4 5 6 7 8 |  8.9
Stealth        | |  0.6

Action                   |  1- 3 |  4- 6 |  7- 9 | 10-12 | 13-15 || total
-------------------------+-------+-------+-------+-------+-------++-------
Melee: War axe           |   126 |   151 |   328 |   548 |   252 ||  1405
       Hand axe          |       |       |       |    65 |       ||    65
Throw: Boomerang         |       |     4 |       |       |       ||     4
       Dart              |       |       |    56 |    64 |    18 ||   138
       Javelin           |       |       |       |       |    18 ||    18
       Large rock        |       |       |       |       |     5 ||     5
Evoke: Wand              |       |       |       |     2 |     5 ||     7
  Use: Scroll            |     7 |     5 |     6 |     6 |     8 ||    32
       Potion            |       |       |     3 |     6 |     3 ||    12
 Stab: Sleeping          |       |     1 |       |     6 |     4 ||    11
       Distracted        |       |       |     1 |       |     3 ||     4
       Invisible         |       |       |       |     2 |       ||     2
       Paralysed         |       |       |       |     1 |       ||     1
Armor: Robe              |    52 |    37 |    65 |    46 |    13 ||   213
       Acid dragon scale |       |       |       |    24 |       ||    24
       Ice dragon scales |       |       |       |    76 |    59 ||   135
Dodge: Dodged            |    40 |    48 |   215 |   389 |   283 ||   975
       Repelled          |       |       |       |     4 |     5 ||     9
Block: Kite shield       |    79 |    83 |   264 |   565 |   355 ||  1346
